 Dungeon Crawl Stone Soup version 0.19.1-1-g22dce08 (webtiles) character file.

183 Mefis the Magician (level 5, 0/28 HPs)
             Began as a Deep Elf Wizard on Jan 19, 2017.
             Slain by dscm's ghost (16 damage)
             ... on level 4 of the Dungeon.
             The game lasted 00:05:42 (3987 turns).

Mefis the Magician (Deep Elf Wizard)                Turns: 3987, Time: 00:05:43

Health: 0/28       AC:  3    Str:  4    XL:     5   Next: 35%
Magic:  14/14      EV: 13    Int: 24    God:
Gold:   252        SH:  3    Dex: 13    Spells: 6 memorised, 1 level left

rFire  . . .     SeeInvis .     e - +0 dagger
rCold  . . .     Gourm    .     a - +0 robe
rNeg   . . .     Faith    .     (no shield)
rPois  .         Spirit   .     b - +0 hat
rElec  .         Reflect  +     (no cloak)
rCorr  .         Harm     .     r - +0 pair of gloves
MR     .....                    (no boots)
Stlth  +.........               E - +3 amulet of reflection
                                (no ring)
                                i - ring of loudness (curse)

@: repel missiles
A: no striking features
a: no special abilities


You were on level 4 of the Dungeon.
You were not hungry.

You visited 1 branch of the dungeon, and saw 4 of its levels.

You collected 252 gold pieces.

Inventory:

Hand Weapons
 e - a +0 dagger (weapon)
 t - a +1 hunting sling of flaming
 x - a +0 blowgun
Missiles
 w - 9 poisoned needles
Armour
 a - a +0 robe (worn)
 b - a +0 hat (worn)
 r - a +0 pair of gloves (worn)
 y - a +0 buckler
Jewellery
 i - a cursed ring of loudness (left hand)
 m - an uncursed ring of ice
 v - an uncursed amulet of the gourmand
 E - a +3 amulet of reflection (around neck)
Scrolls
 h - a scroll of remove curse {unknown}
 l - 4 scrolls of identify {unknown}
 q - a scroll of noise {unknown}
 u - 3 scrolls of enchant weapon {unknown}
 B - 3 scrolls of blinking {unknown}
 C - a scroll of fear {unknown}
 D - 2 scrolls of teleportation {unknown}
Potions
 g - 2 potions of ambrosia {unknown}
 j - a potion of lignification {unknown}
 k - a potion of cancellation {unknown}
 o - a potion of curing
 p - a potion of degeneration {unknown}
 z - 3 potions of brilliance {unknown}
 A - a potion of cure mutation {unknown}
Books
 c - a book of Minor Magic

   Spells                             Type                      Level
   a - Magic Dart                     Conjuration                  1
   b - Blink                          Translocation                2
   c - Call Imp                       Summoning                    2
   d - Repel Missiles                 Charms/Air                   2
   e - Slow                           Hexes                        2
   f - Conjure Flame                  Conjuration/Fire             3
   g - Mephitic Cloud                 Conjuration/Poison/Air       3
Comestibles
 d - 3 bread rations
 f - 2 beef jerkies
 s - 2 fruits


   Skills:
 + Level 3.7 Dodging
 + Level 3.4 Stealth
 * Level 1.2 Shields
 * Level 5.3 Spellcasting
 + Level 2.4 Conjurations
 - Level 1.1 Summonings
 - Level 1.1 Translocations
 + Level 0.8 Air Magic
 + Level 1.6 Poison Magic


You had one spell level left.
You knew the following spells:

 Your Spells              Type           Power        Failure   Level  Hunger
a - Magic Dart            Conj           ###.         3%          1    None
b - Call Imp              Summ           ##......     12%         2    None
c - Blink                 Tloc           N/A          12%         2    None
d - Repel Missiles        Chrm/Air       #.....       12%         2    None
e - Mephitic Cloud        Conj/Pois/Air  ##......     17%         3    ##.....
f - Conjure Flame         Conj/Fire      ##......     17%         3    ##.....


Dungeon Overview and Level Annotations

Branches:
Dungeon (4/15)
 Temple: D:4-7

Altars:
Ashenzari
Uskayaw
The Shining One

Annotations:
D:4 1 runed door, dscm's ghost, amateur GrFi


Message History

Casting: Magic Dart
Confirm with . or Enter, or press ? or * to list all spells.
You can't see any susceptible monsters within range! (Use Z to cast anyway.)
Casting: Magic Dart
Confirm with . or Enter, or press ? or * to list all spells.
You can't see any susceptible monsters within range! (Use Z to cast anyway.)
You are starving!
There is a stone staircase leading down here.
You start eating the meat ration.
You continue eating. x2
You finish eating.
That meat ration really hit the spot!
You start resting.
Magic restored.
You climb downwards.
Level annotation: 1 runed door, dscm's ghost, amateur GrFi Dscm's ghost hits you!
There is a stone staircase leading up here.
Dscm's ghost hits you!
Ouch! That really hurt!
You die...

#.# ##.#.##.###.................
##.###................##.........
.................................
##...........##.###..............
..........##.##.# #...###########
..........##.##.# #...#
..........##.##.# #...##
...###..#.##.##.###....#
........#.##.##.@W.....#
..............#........#
###.##..#.##...#..##...# #+#
#.##..#.##.#.........# ♣.♣♣
#.##....##.#....#..#.# ♣♣.♣
###.###...##.##...#..#.# ♣.♣♣
..................#....# ♣♣.♣
###.#.#.#.####....#.##.# ♣♣.♣♣
###.#.#...........#.##.# ♣♣PP.♣


You could see dscm's ghost.

Vanquished Creatures
  A howler monkey (D:3)
  An orc priest (D:3)
  4 adders
  An ooze (D:3)
  A worm (D:4)
  A dart slug (D:1)
  2 leopard geckos
  3 orcs (D:3)
  2 giant cockroaches
  7 goblins
  7 hobgoblins
  A jackal (D:3)
  4 quokkas
  A ball python (D:2)
  3 bats
  3 frilled lizards
  7 kobolds
  6 rats
55 creatures vanquished.

Vanquished Creatures (collateral kills)
  An orc wizard (D:3)
  An adder (D:2)
  A hobgoblin (D:2)
  A jackal (D:3)
  A goblin (D:2)
  A kobold (D:3)
6 creatures vanquished.

Grand Total: 61 creatures vanquished

Notes
Turn   | Place    | Note
-------+----------+-------------------------------------------
     0 | D:1      | Mefis the Deep Elf Wizard began the quest for the Orb.
     0 | D:1      | Reached XP level 1. HP: 10/10 MP: 7/7
   280 | D:1      | Reached XP level 2. HP: 15/15 MP: 6/9
   284 | D:1      | Learned a level 2 spell: Call Imp
   287 | D:1      | Learned a level 2 spell: Blink
   290 | D:1      | Learned a level 2 spell: Repel Missiles
  1424 | D:2      | Reached XP level 3. HP: 19/19 MP: 7/11
  1429 | D:2      | Learned a level 3 spell: Mephitic Cloud
  1516 | D:2      | Found a hide-covered altar of Uskayaw.
  1676 | D:2      | Reached skill level 5 in Spellcasting
  2105 | D:3      | Found a glowing golden altar of the Shining One.
  2367 | D:3      | Reached XP level 4. HP: 24/24 MP: 10/13
  2372 | D:3      | Learned a level 3 spell: Conjure Flame
  2471 | D:3      | Reached skill level 1 in Poison Magic
  2869 | D:3      | Reached skill level 1 in Shields
  2992 | D:3      | Reached XP level 5. HP: 22/28 MP: 8/14
  3384 | D:4      | Found a shattered altar of Ashenzari.
  3485 | D:4      | Found a hide-covered altar of Uskayaw.
  3647 | D:4      | Noticed dscm's ghost (amateur GrFi)
  3695 | D:4      | Found a runed door.
  3780 | D:3      | Noticed an orc warrior
  3987 | D:4      | Slain by dscm's ghost

Skill      XL: |  1  2  3  4 |
---------------+-------------+-----
Stealth        | 3 |  3.4
Dodging        | 3 |  3.7
Spellcasting   | 5 |  5.3
Conjurations   | 2 |  2.4
Poison Magic   | 1 |  1.6
Shields        | 1 |  1.2
Summonings     | |  1.1
Translocations | |  1.1
Air Magic      | |  0.8

Action                   |  1- 3 |  4- 6 || total
-------------------------+-------+-------++-------
Melee: Unarmed           |     7 |       ||     7
       Dagger            |       |     4 ||     4
 Cast: Magic Dart        |    91 |    44 ||   135
       Call Imp          |     2 |    11 ||    13
       Repel Missiles    |     1 |       ||     1
       Mephitic Cloud    |       |     2 ||     2
  Eat: Chunk             |     4 |     3 ||     7
       Meat ration       |       |     1 ||     1
Armor: Robe              |     4 |     5 ||     9
Dodge: Dodged            |    15 |     5 ||    20
       Deflected         |     1 |       ||     1
